 Dungeon Crawl Stone Soup version 0.28-a0-706-gf6f64a616a (webtiles) character file.

Game seed: 8467652351365327518

25 willcat the Sneak (level 3, 0/29 HPs)
             Began as a Human Delver on Oct 24, 2021.
             Slain by an adder (3 damage)
             ... on level 6 of the Dungeon.
             The game lasted 00:00:22 (319 turns).

willcat the Sneak (Human Delver)                     Turns: 319, Time: 00:00:23

Health: 0/29       AC:  3    Str: 12    XL:     3   Next: 20%
Magic:  3/3        EV: 12    Int: 11    God:
Gold:   9          SH:  0    Dex: 16    Spells: 2/2 levels left

rFire   . . .      SeeInvis .   a - +0 short sword
rCold   . . .      Faith    .   (no shield)
rNeg    . . .      Spirit   .   b - +0 leather armour
rPois   .          Reflect  .   (helmet restricted)
rElec   .          Harm     .   (no cloak)
rCorr   .          Rampage  .   (no gloves)
Will    .....                   (no boots)
Stlth   +++.......              (no amulet)
HPRegen 0.09/turn               (no ring)
MPRegen 0.08/turn               (no ring)

@: lethally poisoned (0 -> -3)
A: antennae 1, agile 1
a: no special abilities


You were on level 6 of the Dungeon.
You visited 1 branch of the dungeon, and saw 2 of its levels.

You collected 9 gold pieces.

Inventory:

Hand Weapons
 a - a +0 short sword (weapon)
Armour
 b - a +0 leather armour (worn)
Wands
 g - a wand of digging (8)
Scrolls
 c - a scroll of fog
 d - a scroll of magic mapping
 e - a scroll of fear
 i - a scroll of teleportation {unknown}
Potions
 f - a potion of haste


   Skills:
 - Level 3.0 Fighting
 + Level 2.5 Short Blades
 + Level 2.5 Dodging
 + Level 5.3 Stealth


You had 2 spell levels left.
You didn't know any spells.
Your spell library was empty.

Dungeon Overview and Level Annotations

Branches:
Dungeon (6/15)
 Temple: D:4-7

Altars:


Innate Abilities, Weirdness & Mutations

You have a pair of small antennae on your head.
You are agile. (Dex +2)


Message History

The adder bites you but does no damage.
You miss the adder.
You feel sick. The adder bites you.
You are more poisoned.
The adder poisons you!
You completely miss the adder.
You feel sick. The adder barely misses you.
You hit the adder.
The adder is lightly wounded.
You feel sick. The adder bites you. The adder completely misses you.
You barely miss the adder.
The adder is lightly wounded.
You feel sick. The adder closely misses you.
You closely miss the adder.
The adder is lightly wounded.
You feel sick. The adder closely misses you.
You miss the adder.
The adder is lightly wounded.
You feel sick. The adder bites you.
You are more poisoned.
The adder poisons you! The adder barely misses you.
You hit the adder.
The adder is moderately wounded.
* * * LOW HITPOINT WARNING * * *
You feel sick. The adder bites you.
* * * LOW HITPOINT WARNING * * *
Unknown command.
You hit the adder.
The adder is severely wounded.
* * * LOW HITPOINT WARNING * * *
You feel sick. The adder barely misses you.
Unknown command.
You closely miss the adder.
The adder is severely wounded.
* * * LOW HITPOINT WARNING * * *
You feel sick. The adder bites you but does no damage.
Unknown command.
It was a potion of mutation.
You feel extremely strange. A pair of antennae grows on your head!
You feel agile.
* * * LOW HITPOINT WARNING * * *
You feel sick. The adder bites you.
You die...

#..# ....#.##
#..#######.#.##.#
#.......)#.#. #.#
##.#####.# .. #.#
#........# ## #.#
#.#############.#
#.# #......<..#
#.# #.#########
#@# # #S# #
#..##Z##(.#
#.........#
##...>###.#
#.....# .....#..#
##.......
#......#


You could see an adder and a killer bee zombie.

Vanquished Creatures
  An iguana (D:6)
1 creature vanquished.

Notes
Turn   | Place    | Note
-------+----------+-------------------------------------------
     0 | D:5      | willcat the Human Delver began the quest for the Orb.
     0 | D:5      | Reached XP level 1. HP: 18/18 MP: 1/1
     3 | D:5      | Noticed a sky beast
    30 | D:6      | Noticed an iguana
    41 | D:6      | Killed an iguana
    42 | D:6      | Reached XP level 2. HP: 11/24 MP: 2/2
    42 | D:6      | Reached XP level 3. HP: 13/29 MP: 3/3
   319 | D:6      | Gained mutation: You have a pair of small antennae on your
                  | head. [potion of mutation]
   319 | D:6      | Gained mutation: You are agile. (Dex +2) [potion of
                  | mutation]
   319 | D:6      | Slain by an adder

Illustrated notes

Levels and vault maps discovered:
D:5:      layout_rooms, portal_sewer_entry_e, minmay_misc_feat_rugged,
          chequers_garden, corexii_corridor_pit, st_stairs_7, minmay_holes
D:6:      layout_basic, uniq_prince_ribbit1

Action                   || total
-------------------------++-------
Melee: Short sword       ||    17
  Use: Potion            ||     1
 Stab: Sleeping          ||     1
Armor: Leather armour    ||     4
Dodge: Dodged            ||    13

Table legend: (Time is in decaauts)
 A = Elapsed time spent in this place.
 B = Non-inter-level travel time spent in this place.
 C = Inter-level travel time spent in this place.
 D = Time resting spent in this place.
 E = Time spent auto-exploring this place.
 F = Levels seen in this place.
 G = Mean time per level.
                   A        B        C        D        E       F      G
               +--------+--------+--------+--------+--------+-----+--------+
         Total |    318 |    318 |      0 |    161 |    110 |   2 |  159.0 |
       Dungeon |    318 |    318 |      0 |    161 |    110 |   2 |  159.0 |
               +--------+--------+--------+--------+--------+-----+--------+

Top non-repeatable levels by time:
     D:6: 305 daAuts
     D:5: 13 daAuts
